 Dungeon Crawl Stone Soup version 0.26-a0-597-gb535b0901c (webtiles) character file.

Game seed: 18054384284040768452

9015 HoaS the Cruncher (level 11, 0/80 HPs)
             Began as a Formicid Fighter on Sept 5, 2020.
             Was a Believer of Makhleb.
             Slain by a freezing wraith (16 damage)
             ... on level 10 of the Dungeon.
             The game lasted 00:22:09 (10446 turns).

HoaS the Cruncher (Formicid Fighter)               Turns: 10446, Time: 00:22:10

Health: 0/80       AC: 12    Str: 24    XL:     11   Next: 66%
Magic:  11/11      EV:  8    Int:  8    God:    Makhleb [**....]
Gold:   509        SH: 13    Dex: 10    Spells: 10/10 levels left

rFire    . . .     SeeInvis +   a - +2 quarterstaff
rCold    . . .     Faith    .   u - +2 kite shield
rNeg     . . .     Spirit   .   c - +0 plate armour
rPois    .         Reflect  .   (helmet unavailable)
rElec    .         Harm     .   (no cloak)
rCorr    .                      (no gloves)
MR       +....                  (no boots)
Stlth    ..........             (no amulet)
HPRegen  0.23/turn              y - ring of teleportation (curse)
MPRegen  0.12/turn              (no ring)

@: no status effects
A: permanent stasis, dig shafts and tunnels, four strong arms, antennae 3
a: Dig, Shaft Self, Minor Destruction, Renounce Religion


You were on level 10 of the Dungeon.
You worshipped Makhleb.
Makhleb was pleased with you.
You visited 2 branches of the dungeon, and saw 11 of its levels.
You also visited: Sewer.

You collected 509 gold pieces.

Inventory:

Hand Weapons
 a - a +2 quarterstaff (weapon)
Missiles
 j - 75 bolts
Armour
 c - a +0 plate armour (worn)
 u - a +2 kite shield (worn)
Jewellery
 i - the amulet of the Four Winds {rN+ MR+++ Clar}
   (You took it off a centaur warrior on level 10 of the Dungeon)

   [amulet of nothing]

   It protects you from negative energy.
   It affects your resistance to hostile enchantments.
   It protects you against confusion.
 y - a cursed ring of teleportation (left hand)
Wands
 f - a wand of flame (20)
 p - a wand of acid (8)
 r - a wand of paralysis (22)
 v - a wand of polymorph (22)
 w - a wand of enslavement (12)
Scrolls
 b - 2 scrolls of fear
 d - a scroll of fog
 e - 6 scrolls of remove curse
 h - a scroll of identify
 o - 2 scrolls of enchant armour
Potions
 g - 9 potions of curing
 l - 2 potions of ambrosia
 m - 2 potions of stabbing
 n - 2 potions of mutation
 q - a potion of flight
 s - a potion of cancellation
 t - a potion of lignification


   Skills:
 + Level 5.6 Fighting
 - Level 14.0 Staves
 + Level 5.6 Armour
 + Level 3.5 Dodging
 - Level 9.0 Shields


You had 10 spell levels left.
You didn't know any spells.
Your spell library contained the following spells:

 Spells                   Type           Power        Failure   Level
 Animate Skeleton         Necr           #.....       100%        1
 Apportation              Tloc           #.....       100%        1
 Beastly Appendage        Tmut           #.....       100%        1
 Corona                   Hex            #......      100%        1
 Magic Dart               Conj           #...         100%        1
 Summon Small Mammal      Summ           #...         100%        1
 Call Imp                 Summ           #.......     100%        2
 Slow                     Hex            #.......     100%        2
 Wereblood                Tmut           #.......     100%        2
 Conjure Flame            Conj/Fire      #.......     100%        3
 Mephitic Cloud           Conj/Pois/Air  #.......     100%        3
 Spider Form              Tmut/Pois      #.........   100%        3
 Ice Form                 Ice/Tmut       #.......     100%        4
 Blade Hands              Tmut           #.........   100%        5
 Blink                    Tloc           Unusable     N/A         2

Dungeon Overview and Level Annotations

Branches:
Dungeon (10/15)            Temple (1/1) D:7            Lair (0/6) D:8
  Sewer (visited)
    Orc: D:9-12

Altars:
Ashenzari
Cheibriados
Dithmenos
Elyvilon
Fedhas
Gozag
Hepliaklqana
Kikubaaqudgha
Makhleb
Nemelex Xobeh
Okawaru
Qazlal
Ru
Sif Muna
Trog
Uskayaw
Vehumet
Wu Jian
Xom
Yredelemnul
Zin
The Shining One


Innate Abilities, Weirdness & Mutations

You cannot be hasted, slowed, berserked, paralysed or teleported.
You can dig through walls and to a lower floor.
Your four strong arms can wield two-handed weapons with a shield.
You have a pair of large antennae on your head. (SInv)


Message History

The freezing wraith is severely damaged.
The freezing wraith misses you. The freezing wraith closely misses you.
You barely miss the freezing wraith.
The freezing wraith is severely damaged.
The freezing wraith hits you! The freezing wraith freezes you!!
You block the freezing wraith's attack.
You closely miss the freezing wraith.
The freezing wraith is severely damaged.
You closely miss the freezing wraith.
The freezing wraith is severely damaged.
The freezing wraith hits you but does no damage.
The freezing wraith completely misses you.
You hit the freezing wraith but do no damage.
The freezing wraith is severely damaged.
You hit the freezing wraith but do no damage.
The freezing wraith is severely damaged.
The freezing wraith hits you.
* * * LOW HITPOINT WARNING * * *
The freezing wraith freezes you!
You die...

#..# ..#
#:.
#..###.# .#
#.(#..##.#
{ #.(#.#..#
#.(##.##.#
#..#.#.##.#
#..##y#.# #
#.)#WH###
#..@###
#..........
#........##
##########


You could see a freezing wraith, a hippogriff and a hornet.

Vanquished Creatures
  2 two-headed ogres
  A centaur warrior (D:10)
  An ugly thing (D:10)
  A gargoyle (D:10)
  Maggie (D:7)
  2 trolls
  A hippogriff (D:9)
  A water moccasin (D:6)
  An acid dragon (D:10)
  4 porcupines
  2 ice beasts
  2 sky beasts
  2 orc warriors
  3 black bears
  A necrophage (D:10)
  5 ogres
  2 wolves
  A centaur (D:10)
  4 crocodiles
  9 big kobolds
  Blork the orc (D:5)
  6 bullfrogs
  A wyvern zombie (D:9)
  3 killer bees (D:10)
  14 wights
  4 howler monkeys
  2 jellies
  6 hounds
  An orc priest (D:4)
  6 orc wizards
  Jessica (D:2)
  Ijyb (D:5)
  2 iguanas
  5 worker ants
  A hound skeleton (D:8)
  A worker ant zombie (D:5)
  9 adders
  6 gnolls
  2 river rats
  2 howler monkey skeletons
  A shadow imp (D:5)
  2 ufetubi (D:6)
  3 oozes
  An adder skeleton (D:9)
  2 adder zombies
  6 worms
  A dart slug (D:2)
  8 leopard geckos
  32 orcs
  7 ball pythons
  9 bats
  7 giant cockroaches
  8 goblins
  9 hobgoblins
  8 jackals
  6 quokkas
  2 frilled lizards
  16 kobolds
  A leopard gecko skeleton (D:5)
  A quokka zombie (D:6)
  10 rats
260 creatures vanquished.

Vanquished Creatures (others)
  2 fungi (D:8)
  6 plants (D:8)
8 creatures vanquished.

Grand Total: 268 creatures vanquished

Notes
Turn   | Place    | Note
-------+----------+-------------------------------------------
     0 | D:1      | HoaS the Formicid Fighter began the quest for the Orb.
     0 | D:1      | Reached XP level 1. HP: 18/18 MP: 1/1
   143 | D:1      | Reached XP level 2. HP: 2/24 MP: 2/2
   605 | D:1      | Reached XP level 3. HP: 29/29 MP: 3/3
   629 | D:1      | Reached skill level 3 in Staves
  1418 | D:2      | Reached XP level 4. HP: 35/35 MP: 4/4
  2090 | D:2      | Noticed Jessica
  2101 | D:2      | Killed Jessica
  2101 | D:2      | Reached skill level 4 in Staves
  2101 | D:2      | Reached XP level 5. HP: 41/41 MP: 5/5
  2301 | D:3      | Found a glowing drain.
  2315 | Sewer    | Entered a sewer
  2341 | Sewer    | Reached skill level 5 in Shields
  2410 | Sewer    | Noticed a big kobold
  2430 | Sewer    | Killed a big kobold
  2430 | Sewer    | Reached skill level 5 in Staves
  2430 | Sewer    | Reached XP level 6. HP: 36/47 MP: 6/6
  2547 | Sewer    | Reached XP level 7. HP: 48/52 MP: 7/7
  2619 | Sewer    | Reached skill level 6 in Staves
  2926 | Sewer    | Reached skill level 7 in Staves
  2926 | Sewer    | Reached XP level 8. HP: 57/58 MP: 8/8
  3102 | D:3      | Found an ornate altar of the Wu Jian Council.
  4320 | D:5      | Entered Level 5 of the Dungeon
  4340 | D:5      | Reached skill level 8 in Staves
  4340 | D:5      | Noticed Blork the orc
  4355 | D:5      | Killed Blork the orc
  4360 | D:5      | Noticed Ijyb
  4661 | D:5      | Killed Ijyb
  5307 | D:5      | Reached XP level 9. HP: 64/64 MP: 9/9
  5541 | D:6      | Reached skill level 9 in Staves
  5941 | D:6      | Reached skill level 10 in Staves
  6822 | D:7      | Found a staircase to the Ecumenical Temple.
  6858 | D:7      | Noticed Maggie
  6886 | D:7      | Killed Maggie
  6886 | D:7      | Reached skill level 11 in Staves
  6886 | D:7      | Reached XP level 10. HP: 20/70 MP: 10/10
  7263 | Temple   | Entered the Ecumenical Temple
  7506 | Temple   | Became a worshipper of Makhleb the Destroyer
  7694 | D:8      | Found a staircase to the Lair.
  8149 | D:7      | Reached skill level 12 in Staves
  8640 | D:8      | Found a basalt altar of Yredelemnul.
  8661 | D:8      | Reached * piety under Makhleb
  8681 | D:8      | Noticed a two-headed ogre
  8692 | D:8      | Killed a two-headed ogre
  8692 | D:8      | Reached skill level 13 in Staves
  8795 | D:8      | Reached XP level 11. HP: 75/75 MP: 11/11
  9338 | D:9      | Reached skill level 14 in Staves
  9373 | D:9      | Reached skill level 1 in Dodging
  9558 | D:9      | Reached ** piety under Makhleb
  9648 | D:10     | Entered Level 10 of the Dungeon
  9708 | D:10     | Noticed a two-headed ogre
  9717 | D:10     | Killed a two-headed ogre
  9865 | D:10     | Noticed a red ugly thing
  9894 | D:10     | Killed a red ugly thing
  9894 | D:10     | Reached skill level 5 in Fighting
  9894 | D:10     | Reached skill level 5 in Armour
 10015 | D:10     | Noticed a centaur warrior
 10035 | D:10     | Killed a centaur warrior
 10419 | D:10     | Noticed an unseen horror
 10446 | D:10     | Slain by a freezing wraith

Illustrated notes

Levels and vault maps discovered:
D:1:      nagdon_arrival_double_spiral, layout_loops_corners
D:2:      layout_loops_corners, uniq_jessica
D:3:      layout_rooms, marbit_many_paths, gup_sewer_entry_bubbles,
          serial_park_tiny_2, minmay_checkerbox
D:4:      layout_rooms
D:5:      layout_basic, uniq_ijyb, uniq_blork_the_orc
D:6:      layout_basic
D:7:      layout_basic, minmay_temple_entry_mist, uniq_maggie
D:8:      layout_basic, minmay_lair_entry_grove, basic_altar
D:9:      layout_roguey, nrook_mini_vaults
D:10:     minmay_the_grid_triangle_9x9_recursive_2_mashed
          [minmay_the_grid_triangle_9x9_prize_insulated,
          minmay_the_grid_triangle_9x9_thin_v,
          minmay_the_grid_triangle_9x9_corruption,
          minmay_the_grid_triangle_9x9_limited_checkers], layout_basic,
          orc_0_dummy
Temple:   nicolae_temple_the_god_donut

Skill      XL: |  1  2  3  4  5  6  7  8  9 10 11 |
---------------+----------------------------------+-----
Shields        | 4 5 6 8 9 |  9.0
Staves         | 3 4 5 7 8 11 13 14 | 14.0
Dodging        | 3 |  3.5
Fighting       | 5 |  5.6
Armour         | 5 |  5.6

Action                   |  1- 3 |  4- 6 |  7- 9 | 10-12 || total
-------------------------+-------+-------+-------+-------++-------
Melee: Quarterstaff      |   107 |   204 |   514 |   413 ||  1238
 Abil: Dig               |       |       |     8 |     2 ||    10
Evoke: Wand              |       |       |     2 |     7 ||     9
  Use: Scroll            |     7 |     5 |     8 |     4 ||    24
       Potion            |       |       |     1 |     4 ||     5
Armor: Scale mail        |    34 |    48 |    61 |       ||   143
       Chain mail        |     6 |     3 |       |       ||     9
       Plate armour      |       |       |    39 |    74 ||   113
       Skin              |       |       |       |    11 ||    11
Dodge: Dodged            |    24 |    46 |   100 |    52 ||   222
Block: Kite shield       |    42 |   104 |   240 |   199 ||   585

Table legend: (Time is in decaauts)
 A = Elapsed time spent in this place.
 B = Non-inter-level travel time spent in this place.
 C = Inter-level travel time spent in this place.
 D = Time resting spent in this place.
 E = Time spent auto-exploring this place.
 F = Levels seen in this place.
 G = Mean time per level.
                   A        B        C        D        E       F      G
               +--------+--------+--------+--------+--------+-----+--------+
         Total |  10463 |  10079 |    384 |   2564 |   5135 |  12 |  871.9 |
       Dungeon |   9403 |   9030 |    373 |   2553 |   4481 |  10 |  940.3 |
        Temple |    254 |    244 |     10 |      0 |    236 |   1 |  254.0 |
         Sewer |    805 |    805 |      0 |     11 |    417 |   1 |  805.0 |
               +--------+--------+--------+--------+--------+-----+--------+

Top non-repeatable levels by time:
     D:7: 1639 daAuts
     D:1: 1336 daAuts
     D:4: 1066 daAuts
     D:6: 1035 daAuts
     D:2: 899 daAuts
     D:5: 896 daAuts
   Sewer: 805 daAuts
    D:10: 750 daAuts
     D:3: 702 daAuts
     D:9: 559 daAuts
     D:8: 517 daAuts
  Temple: 254 daAuts
